 Dungeon Crawl Stone Soup version 0.21-a0-329-g12f17e1 (webtiles) character file.

240 nikopol the Magician (level 5, -1/28 HPs)
             Began as a Deep Elf Fire Elementalist on Oct 1, 2017.
             Was an Initiate of Sif Muna.
             Succumbed to an orc wizard's poison
             ... on level 3 of the Dungeon.
             The game lasted 00:06:57 (2133 turns).

nikopol the Magician (Deep Elf Fire Elementalist)   Turns: 2133, Time: 00:06:58

Health: -1/28      AC:  2    Str:  5    XL:     5   Next: 79%
Magic:  2/14       EV: 14    Int: 26    God:    Sif Muna [......]
Gold:   128        SH:  0    Dex: 15    Spells: 3/14 levels left

rFire    . . .     SeeInvis .   h - +0 dagger
rCold    . . .     Gourm    .   (no shield)
rNeg     . . .     Faith    .   a - +0 robe
rPois    .         Spirit   .   (no helmet)
rElec    .         Reflect  .   (no cloak)
rCorr    .         Harm     .   (no gloves)
MR       .....                  (no boots)
Stlth    ++........             (no amulet)
HPRegen  0.09/turn              (no ring)
MPRegen  0.14/turn              (no ring)

@: brilliant, lethally poisoned (-1 -> -39)
A: no striking features
a: Renounce Religion


You were on level 3 of the Dungeon.
You worshipped Sif Muna.
Sif Muna was noncommittal.
You were hungry.

You visited 1 branch of the dungeon, and saw 3 of its levels.

You collected 128 gold pieces.

Inventory:

Hand Weapons
 h - a +0 dagger (weapon)
Armour
 a - a +0 robe (worn)
Jewellery
 d - an uncursed amulet of regeneration {unknown}
Scrolls
 i - 6 scrolls of identify {unknown}
 k - 2 scrolls of remove curse {unknown}
Potions
 f - a potion of degeneration {unknown}
 j - a potion of heal wounds {unknown}
 l - a potion of resistance {unknown}
 n - a potion of curing {unknown}
 o - a potion of cancellation {unknown}
Books
 b - a book of Flames

   Spells                             Type                      Level
   a - Flame Tongue                   Conjuration/Fire             1
   b - Throw Flame                    Conjuration/Fire             2
   c - Conjure Flame                  Conjuration/Fire             3
   d - Inner Flame                    Hexes/Fire                   3
   e - Sticky Flame                   Conjuration/Fire             4
   f - Fireball                       Conjuration/Fire             5
Comestibles
 c - a bread ration
 g - a meat ration
 m - 9 chunks of flesh


   Skills:
 + Level 0.4 Fighting
 + Level 3.5 Dodging
 + Level 3.3 Stealth
 + Level 5.0 Spellcasting
 + Level 3.1 Conjurations
 + Level 4.4 Fire Magic


You had 3 spell levels left.
You knew the following spells:

 Your Spells              Type           Power        Failure   Level  Hunger
a - Flame Tongue          Conj/Fire      #####        1%          1    None
b - Throw Flame           Conj/Fire      #####.       1%          2    None
c - Conjure Flame         Conj/Fire      #####...     1%          3    #......
d - Fireball              Conj/Fire      #####.....   5%          5    #####..


Dungeon Overview and Level Annotations

Branches:
Dungeon (3/15)

Altars:
Ashenzari
Ru
Sif Muna
Trog
Wu Jian
Zin


Message History

You feel sick.
The orc wizard hits you with a dagger of venom.
* * * LOW HITPOINT WARNING * * *
You are more poisoned.
Casting: Flame Tongue
Confirm with . or Enter, or press ? or * to list all spells.
Aiming: Flame Tongue
Press: ? - help, Shift-Dir - straight line, f/p - orc wizard
Aim: an orc wizard, wielding a dagger of venom and wearing a robe (heavily wounded)
The flame tongue hits the orc wizard.
You kill the orc wizard!
Sif Muna accepts your kill.
Your Spellcasting skill increases to level 5!
* * * LOW HITPOINT WARNING * * *
You feel very sick.
Quiver which item? (- for none, * to show all) (? for menu, Esc to quit)
Quivering
e - a bubbling inky potion for throwing.
It was a potion of brilliance.
You feel clever all of a sudden.
You die...

######### >รท.......
#########
#######################.#
................%........
#######.........@).)...#
#....###########.# #....#
##### ##...# ..(.# #..[#
###.# ##+## #.# #.# #.#
#.# #.# #.#


There were no monsters in sight!

Vanquished Creatures
  A sky beast (D:2)
  A hound (D:3)
  An orc wizard (D:3)
  2 adders (D:3)
  An ooze (D:2)
  3 worms
  3 dart slugs
  2 leopard geckos
  6 orcs (D:3)
  2 giant cockroaches
  9 goblins
  6 hobgoblins
  2 jackals (D:3)
  3 quokkas
  5 bats
  3 frilled lizards
  3 kobolds
  2 rats
55 creatures vanquished.

Notes
Turn   | Place    | Note
-------+----------+-------------------------------------------
     0 | D:1      | nikopol the Deep Elf Fire Elementalist began the quest for the Orb.
     0 | D:1      | Reached XP level 1. HP: 10/10 MP: 6/6
    92 | D:1      | Reached XP level 2. HP: 15/15 MP: 2/8
   550 | D:1      | Reached XP level 3. HP: 8/19 MP: 0/10
  1235 | D:2      | Noticed a sky beast
  1244 | D:2      | Killed a sky beast
  1244 | D:2      | Reached skill level 4 in Spellcasting
  1244 | D:2      | Reached XP level 4. HP: 5/24 MP: 6/12
  1609 | D:2      | Reached XP level 5. HP: 28/28 MP: 10/13
  1803 | D:3      | Learned a level 2 spell: Throw Flame
  1807 | D:3      | Learned a level 3 spell: Conjure Flame
  1813 | D:3      | Learned a level 5 spell: Fireball
  1869 | D:3      | Found an ornate altar of the Wu Jian Council.
  1871 | D:3      | Found a glowing silver altar of Zin.
  1871 | D:3      | Found a deep blue altar of Sif Muna.
  1873 | D:3      | Found a sacrificial altar of Ru.
  1873 | D:3      | Found a bloodstained altar of Trog.
  1876 | D:3      | Found a shattered altar of Ashenzari.
  1887 | D:3      | Became a worshipper of Sif Muna the Loreminder
  2132 | D:3      | Reached skill level 5 in Spellcasting
  2133 | D:3      | Succumbed to an orc wizard's poison

Vault maps used:
D:1:      roderic_octagonal_star
D:2:      minmay_box_of_dots
D:3:      grunt_temple_overflow_open, uniq_grinder

Skill      XL: |  1  2  3  4  5 |
---------------+----------------+-----
Stealth        | 3 |  3.3
Conjurations   | 2 3 |  3.1
Spellcasting   | 4 5 |  5.0
Fire Magic     | 4 |  4.4
Dodging        | 3 |  3.5
Fighting       | |  0.4

Action                   |  1- 3 |  4- 6 || total
-------------------------+-------+-------++-------
Melee: Dagger            |       |     4 ||     4
 Cast: Flame Tongue      |    72 |    48 ||   120
  Use: Potion            |       |     1 ||     1
  Eat: Chunk             |       |     3 ||     3
Armor: Robe              |     1 |     1 ||     2
Dodge: Dodged            |    12 |    12 ||    24

Table legend:
 A = Spawn XP
 B = Non-spawn XP
 C = Spawn XP percentage of total XP
 D = Spawn monster count
 E = Non-spawn monster count
 F = Spawn count percentage of total count
 G = Total turns spent on level
                    A         B        C        D         E        F      G
               +---------+---------+-------+---------+---------+-------+---------
         Total |       0 |     343 |   0.0 |       0 |      55 |   0.0 |  2133
               +---------+---------+-------+---------+---------+-------+---------
           D:1 |       0 |      31 |   0.0 |       0 |      15 |   0.0 |   607
           D:2 |       0 |     165 |   0.0 |       0 |      19 |   0.0 |  1157
           D:3 |       0 |     147 |   0.0 |       0 |      21 |   0.0 |   369
               +---------+---------+-------+---------+---------+-------+---------
